AoeStats
← Flyingexcavator

Arena

509156343Analyzed
2v2 RM · 6d ago on Sep 25, 2026· 87m 35s· 4 players
Game mode
Random Map
Map size
Medium (4 player)
Population
200
Speed
Normal
Resources
Standard
Victory
Conquest
Starting age
Dark Age
Ending age
Imperial Age
RankedLock teamsTeams togetherTeam positionsShared explorationLock speedFull tech treeHidden civsTurbo modeCheats
Victory
Defeat
🇨🇭 Japanese · Switzerland
875
+17
🇨🇭 Franks · Switzerland
819
+19
🇩🇪 Cumans · Germany
922
-19
🇩🇪 Magyars · Germany
867
-17
Flyingexcavator
12:06 Feudal Age
13:14 Double-Bit Axe
16:12 Castle Age
14:42 Horse Collar
17:47 Forging
17:40 Scale Mail Armor
19:13 Iron Casting
38:02 Wheelbarrow
38:14 Town Watch
39:27 Chain Mail Armor
43:43 Hand Cart
43:56 Fletching
44:40 Ballistics
45:04 Bow Saw
45:31 Town Patrol
45:55 Herbal Medicine
48:59 Imperial Age
46:36 Bodkin Arrow
46:43 Murder Holes
46:33 Treadmill Crane
52:29 Blast Furnace
51:17 Arson
51:33 Squires
52:33 Bracer
54:48 Chemistry
75:54 Elite Samurai
80:51 Bloodlines
80:42 Husbandry
81:03 Light Cavalry
82:41 Scale Barding Armor
83:07 Plate Mail Armor
zwirbelmüüs
11:32 Feudal Age
12:35 Double-Bit Axe
15:25 Gold Mining
17:56 Forging
18:09 Scale Barding Armor
21:21 Castle Age
22:12 Husbandry
27:47 Stone Mining
32:07 Gold Shaft Mining
36:41 Imperial Age
38:27 Chemistry
37:48 Ballistics
37:40 Masonry
37:26 Murder Holes
36:59 Cavalier
38:42 Iron Casting
40:57 Paladin
45:04 Elite Throwing Axeman
48:22 Chain Barding Armor
49:03 Blast Furnace
64:54 Plate Barding Armor
WallaWalla
11:53 Feudal Age
10:09 Loom
14:35 Fletching
15:07 Double-Bit Axe
15:08 Horse Collar
16:05 Wheelbarrow
22:46 Castle Age
23:46 Bodkin Arrow
23:51 Padded Archer Armor
25:13 Ballistics
30:33 Bow Saw
30:27 Heavy Plow
33:50 Hand Cart
34:03 Stone Mining
34:04 Gold Mining
36:29 Gold Shaft Mining
36:33 Husbandry
36:44 Bloodlines
39:02 Thumb Ring
44:02 Imperial Age
42:08 Leather Archer Armor
44:44 Recurve Bow
45:13 Conscription
46:04 Chemistry
45:10 Bracer
46:15 Ring Archer Armor
46:30 Parthian Tactics
46:51 Heavy Cavalry Archer
roro
12:06 Feudal Age
12:47 Double-Bit Axe
12:46 Horse Collar
13:44 Wheelbarrow
13:51 Scale Mail Armor
15:47 Forging
33:42 Castle Age
34:55 Hand Cart
34:53 Bow Saw
35:26 Pikeman
36:07 Squires
36:46 Capped Ram
38:09 Chain Mail Armor
41:27 Iron Casting
46:19 Imperial Age
46:28 Halberdier
46:37 Siege Ram
52:57 Blast Furnace
52:27 Plate Mail Armor
Connection lost

Rejoining the realm…

Still unreachable

The connection could not be restored.

Session expired

The server has moved on; the page needs a fresh start.